 Dungeon Crawl Stone Soup version 0.24-a0-312-g16217b4 (webtiles) character file.

Game seed: 13187323809029795931

358915 MirrMurr the Warrior (level 22, -5/153 HPs)
             Began as a Tengu Berserker on May 5, 2019.
             Was a High Priest of Trog.
             Killed from afar by an ice dragon (27 damage)
             ... with a blast of cold
             ... on level 15 of the Dungeon on May 15, 2019.
             The game lasted 02:23:48 (45712 turns).

MirrMurr the Warrior (Tengu Berserker)             Turns: 45712, Time: 02:23:49

Health: -5/153     AC: 34    Str: 23    XL:     22   Next: 40%
Magic:  23/23      EV: 22    Int: 18    God:    Trog [*****.]
Gold:   2233       SH: 27    Dex: 13    Spells: 21/21 levels left

rFire    . . .     SeeInvis +   a - +9 demon trident (drain)
rCold    . . .     Gourm    .   W - +3 large shield {AC+3}
rNeg     . . .     Faith    .   z - +6 plate armour "Irufiac" {-Cast Regen+ Int+4 SInv}
rPois    +         Spirit   .   (helmet restricted)
rElec    .         Reflect  +   y - +2 cloak
rCorr    .         Harm     .   P - +2 pair of gloves
MR       +++..     NoCast   +   (boots unavailable)
Stlth    ..........             f - amulet "Mihek" {Reflect rPois Int+6 Dex-5 SH+3 Stlth+}
HPRegen  1.75/turn              U - +3 ring of slaying
MPRegen  0.18/turn              o - +5 ring of evasion

@: flying quickly and evasively, regenerating, quick
A: beak, talons 3, able to fly
}: 2/15 runes: barnacled, gossamer
a: Stop Flying, Berserk, Trog's Hand, Brothers in Arms, Renounce Religion


You were on level 15 of the Dungeon.
You worshipped Trog.
Trog was extremely pleased with you.
You were not hungry.

You visited 8 branches of the dungeon, and saw 37 of its levels.
You visited the Abyss 1 time.
You also visited: Trove and Bailey.

You collected 3610 gold pieces.
You spent 1377 gold pieces at shops.

Inventory:

Hand Weapons
 a - a +9 demon trident of draining (weapon)
 b - the +8 hunting sling of Pride {freeze, rF+ Dex+5}
   (Trog gifted it to you on level 2 of the Abyss)

   It causes projectiles fired from it to freeze those they strike, causing
   extra injury to most foes and up to half again as much damage against
   particularly susceptible opponents.
   They can also slow down cold-blooded creatures.
   It affects your dexterity (+5).
   It protects you from fire.
 w - a +3 demon trident of venom
Missiles
 d - 6 throwing nets {!f}
 n - 14 curare-tipped darts
 t - 79 poisoned darts
 G - 311 sling bullets
 K - 35 boomerangs (quivered)
 L - 1087 stones
Armour
 i - +0 pearl dragon scales
 y - a +2 cloak (worn)
 z - the +6 plate armour "Irufiac" (worn) {-Cast Regen+ Int+4 SInv}
   (You bought it in a shop on level 2 of the Orcish Mines)

   It affects your intelligence (+4).
   It lets you see invisible.
   It prevents spellcasting.
   It increases your rate of regeneration.
 P - a +2 pair of gloves (worn)
 W - a +3 large shield of protection (worn)
Jewellery
 f - the amulet "Mihek" (around neck) {Reflect rPois Int+6 Dex-5 SH+3 Stlth+}
   (You found it in a treasure trove)

   [amulet of reflection]

   It shields you and reflects attacks.
   It affects your intelligence (+6).
   It affects your dexterity (-5).
   It protects you from poison.
   It affects your SH (+3).
   It makes you more stealthy.
 o - a +5 ring of evasion (right hand)
 C - an uncursed ring of protection from magic
 U - a +3 ring of slaying (left hand)
 Y - an uncursed ring of resist corrosion
 Z - the ring of Pydenueph {rF+++ rC+ MR- Dex+2 SInv}
   (You found it on level 4 of the Shoals)

   [ring of protection from cold]

   It affects your dexterity (+2).
   It renders you almost immune to fire.
   It protects you from cold.
   It affects your resistance to hostile enchantments.
   It lets you see invisible.
Wands
 g - a wand of iceblast (23)
 s - a wand of paralysis (11)
 u - a wand of clouds (7)
 D - a wand of acid (22)
 F - a wand of scattershot (16)
 J - a wand of random effects (52)
 N - a wand of enslavement (8)
 Q - a wand of digging (4)
Scrolls
 e - 17 scrolls of teleportation
 r - 14 scrolls of remove curse
 v - 6 scrolls of magic mapping
 A - a scroll of fog
 B - 10 scrolls of immolation
 E - 2 scrolls of summoning
 H - 4 scrolls of identify
 I - 3 scrolls of fear
 O - 3 scrolls of enchant weapon
 X - a scroll of silence
Potions
 j - 5 potions of resistance
 k - 8 potions of curing
 l - 4 potions of might
 m - 5 potions of mutation
 p - 3 potions of magic
 q - 6 potions of heal wounds
 x - 5 potions of brilliance
 M - 5 potions of agility
 R - a potion of berserk rage
 S - 5 potions of haste
 T - 8 potions of ambrosia
Miscellaneous
 V - a phantom mirror
Comestibles
 c - 54 rations


   Skills:
 * Level 20.4 Fighting
 - Level 14.0 Polearms
 + Level 7.4 Slings
 + Level 18.2 Armour
 + Level 18.1 Dodging
 + Level 16.5 Shields


You had 21 spell levels left.
You didn't know any spells.
Your spell library was empty.

Dungeon Overview and Level Annotations

Branches:
Dungeon (15/15)            Temple (1/1) D:4            Lair (6/6) D:10
 Shoals (4/4) Lair:3       Spider (4/4) Lair:2        Slime (0/5) Lair:6
    Orc (2/2) D:11            Elf (0/3) Orc:2        Vaults (4/5) D:14
  Crypt (0/3) Vaults:3     Depths (1/5) D:15

Altars:
Ashenzari
Cheibriados
Dithmenos
Elyvilon
Fedhas
Gozag
Kikubaaqudgha
Qazlal
Ru
Trog
Vehumet
Wu Jian
Yredelemnul
The Shining One
Beogh

Shops:
D:9 *   D:14 %   Orc:1 **   Orc:2 [![}   Vaults:2 [   Vaults:4 =

Annotations:
D:10 3 runed translucent doors, Arthanis's ghost, journeyman GrBe


Innate Abilities, Weirdness & Mutations

You have a beak for a mouth.
You have claws for feet.
You can fly continuously.


Message History

The blast of cold hits you!!
There is a staircase back to the Dungeon here.
You are too injured to fight recklessly!
You are too injured to fight recklessly!
You are too injured to fight recklessly!
Unknown command.
The necromancer gestures at you while chanting.
Your body is wracked with pain!
* * * LOW HITPOINT WARNING * * *
The ice dragon closely misses you. You block the ice dragon's attack. x2
You fly upwards.
Welcome back to the Dungeon!
There is a staircase to the Depths here.
Your skin crawls.
You feel resistant to hostile enchantments.
You feel somewhat more hungry. You block the necromancer's attack.
The ice dragon breathes frost at you. The blast of cold hits you!
* * * LOW HITPOINT WARNING * * *
The blast of cold hits you!!
You die...

## #......#.#.......#..##..##.##.
# #.#.####......#####.###..#.##.
# #.#.# ##.....# #[####......
####.#.# #.....# #...##..###.
.....#######.###########....## #.
####.##.#..###.##.........### #.
###.#.....##...#########.######.
#...##.##รท#...D#### #...........
#...#..##......@#.###...........
##...#...###...p##.#............#
##...###..###...#................
##.....##.####.##................
##....##...#####........##.......
##....#.....#.......###....#.....
.####.#.....#.##........#.##.....
.[))..##...#####....#####........
...))..##.## #....# ####.....


You could see an ice dragon and a necromancer.

Vanquished Creatures
  Bai Suzhen (Spider:2)
  Frederick (Vaults:3)
  Nikola (Spider:4)
  Arachne (Spider:1)
  Rupert (Lair:5)
  A tentacled starspawn (Abyss:2)
  2 sphinxes
  Roxanne (Shoals:1)
  3 fire giants
  A deep elf sorcerer (Vaults:2)
  Ilsuiw (Shoals:2)
  5 emperor scorpions (Spider:4)
  2 orc warlords
  6 vault wardens
  5 ghost moths
  10 ironheart preservers
  4 stone giants
  6 entropy weavers
  A war gargoyle (Vaults:3)
  Nessos (Lair:6)
  A deep elf demonologist (Vaults:2)
  A deep elf annihilator (Vaults:2)
  Azrael (Spider:2)
  6 spark wasps
  A lorocyproca (Abyss:2)
  6 merfolk impalers
  3 merfolk javelineers (Shoals:4)
  3 ettins
  A fire dragon (Vaults:4)
  6 yaktaur captains
  Josephine (Spider:1)
  5 great orbs of eyes
  Harold (D:8)
  13 ogre magi
  3 rakshasas
  2 vault guards
  5 merfolk avatars
  8 hydras
  2 alligator snapping turtles
  8 ice dragons
  8 merfolk aquamancers
  6 centaur warriors
  37 two-headed ogres
  2 death knights
  8 death scarabs (Spider:4)
  12 death yaks
  5 orc high priests (Orc:2)
  Urug (Lair:3)
  3 thrashing horrors (Abyss:2)
  Nergalle (D:11)
  3 deep elf knights
  A fire crab (shapeshifter) (Vaults:4)
  5 large abominations
  2 wretched stars (Abyss:2)
  2 skeletal warriors
  13 sea snakes
  3 flayed ghosts
  2 phantasmal warriors
  3 unseen horrors
  An unseen horror (shapeshifter) (Vaults:1)
  3 wizards
  4 glowing orange brains
  An entropy weaver zombie (Vaults:2)
  A deep elf archer (Vaults:3)
  7 ironbrand convokers
  Pikel (D:4)
  17 orc knights
  3 spectral wolf spiders (Spider:4)
  A tengu skeleton (Vaults:2)
  4 wolf spider zombies (Spider:4)
  34 wolf spiders
  A sphinx zombie (Vaults:2)
  4 deep elf magi
  38 harpies
  4 orc sorcerers
  13 ugly things
  A fire giant zombie (Vaults:2)
  14 orb spiders
  3 necromancers
  25 slime creatures
  5 elephants (Lair:6)
  13 manticores
  9 fauns
  3 human zombies
  3 moths of wrath
  A cyclops (shapeshifter) (D:14)
  5 cyclopes
  A frost giant skeleton (Vaults:3)
  A stone giant skeleton (Vaults:2)
  9 merfolk sirens
  A centaur zombie (D:15)
  5 smoke demons (Abyss:2)
  8 black mambas
  2 black mambas (shapeshifter)
  18 spiny frogs
  6 water nymphs
  16 vault sentinels
  3 gargoyles
  3 torpor snails
  21 yaktaurs
  A kobold demonologist (D:15)
  A spectral redback (Spider:4)
  6 rime drakes
  A yaktaur (shapeshifter) (Vaults:1)
  A yaktaur zombie (Vaults:3)
  14 komodo dragons
  2 efreet
  3 redback zombies
  8 freezing wraiths
  36 jumping spiders
  An ancient zyme (Abyss:2)
  13 demonic crawlers
  3 human skeletons
  2 meliai (shapeshifter)
  19 merfolk
  4 polar bears
  11 trolls
  A polar bear (shapeshifter) (D:15)
  2 spectral jumping spiders (Spider:4)
  3 spectral tarantellas (Spider:4)
  14 hornets
  5 wind drakes
  4 blink frogs
  10 snapping turtles
  A frost giant simulacrum (Vaults:2)
  A tarantella zombie (Spider:4)
  2 jumping spider zombies (Spider:4)
  14 hippogriffs
  A raiju (Abyss:2)
  A flying skull (Abyss:2)
  2 centaur simulacra
  7 spriggans (Lair:2)
  74 redbacks
  A ynoxinul (Abyss:2)
  3 water elementals
  30 tarantellas
  5 wyverns
  9 wraiths
  3 shadows
  A vampire (D:14)
  A spriggan (shapeshifter) (Vaults:3)
  50 yaks
  A basilisk (Lair:3)
  2 hogs (shapeshifter)
  A golden eye (Abyss:2)
  2 golden eyes (shapeshifter) (Vaults:2)
  A basilisk (shapeshifter) (Abyss:2)
  2 hungry ghosts
  2 fire elementals (Spider:2)
  A neqoxec (Abyss:2)
  4 steam dragons
  A human simulacrum (Vaults:3)
  5 vampire mosquitoes
  5 acid dragons
  8 wargs
  5 small abominations (Abyss:2)
  2 soldier ants (D:14)
  10 water moccasins
  A floating eye (shapeshifter) (D:13)
  6 hell hounds
  6 ice beasts
  7 porcupines
  A spectral hornet (Spider:4)
  3 slaves (D:4)
  5 sky beasts
  3 black bears
  55 orc warriors
  2 eyes of draining
  5 necrophages
  An ogre (shapeshifter) (Vaults:2)
  4 phantoms
  A hornet zombie (Spider:4)
  36 ogres
  3 boggarts (D:14)
  15 crocodiles
  12 centaurs
  2 big kobolds (D:15)
  20 bullfrogs
  A gnoll sergeant (D:9)
  A wyvern zombie (D:14)
  A water moccasin zombie (D:6)
  11 scorpions
  An orc simulacrum (Vaults:2)
  3 killer bees
  4 howler monkeys
  16 wights
  2 electric eels
  A bullfrog zombie (D:5)
  8 crimson imps
  7 starcursed masses (Abyss:2)
  2 quasits
  40 orc priests
  5 hounds
  2 jellies
  A gnoll shaman (D:4)
  5 centaur skeletons
  An iron imp (Abyss:2)
  Jessica (D:2)
  4 iguanas
  25 orc wizards
  14 worker ants
  4 hound skeletons
  A worker ant zombie (D:5)
  A howler monkey zombie (D:7)
  13 gnolls
  18 adders
  4 shadow imps
  13 white imps
  2 oozes
  An adder skeleton (D:6)
  4 worms
  2 dart slugs (D:1)
  4 leopard geckos
  118 orcs
  A ball python (D:2)
  3 giant cockroaches
  7 goblins
  17 hobgoblins
  26 jackals
  27 kobolds
  8 quokkas
  4 bats
  11 frilled lizards
  A giant cockroach zombie (D:5)
  A jackal skeleton (D:6)
  3 rats
  4 plants (Shoals:4)
1626 creatures vanquished.

Vanquished Creatures (collateral kills)
  Louise (Spider:1)
  A merfolk impaler (Shoals:1)
  2 ironbrand convokers (Vaults:1)
  An orc knight (Vaults:1)
  An orc sorcerer (Vaults:1)
  An ugly thing (Vaults:1)
  A cyclops (Shoals:1)
  A merfolk siren (Shoals:1)
  A merfolk (Shoals:1)
  A wind drake (Shoals:1)
  2 dream sheep (Shoals:1)
13 creatures vanquished.

Vanquished Creatures (others)
  A lich (Vaults:3)
  A vault warden (Vaults:3)
  A ghost moth (Spider:4)
  3 merfolk javelineers (Shoals:4)
  2 yaktaur captains (Vaults:2)
  A centaur warrior (Vaults:1)
  A satyr (Shoals:4)
  A deep elf archer (Vaults:2)
  4 fauns
  4 cyclopes
  4 yaktaurs
  2 orc warriors (Orc:2)
  2 centaurs
  2 orc priests (Orc:1)
  An orc wizard (D:6)
  A worker ant (D:13)
  2 orcs
  24 fungi
  79 plants
  2 starspawn tentacles (Abyss:2)
138 creatures vanquished.

Grand Total: 1777 creatures vanquished

Notes
Turn   | Place    | Note
-------+----------+-------------------------------------------
     0 | D:1      | MirrMurr the Tengu Berserker began the quest for the Orb.
     0 | D:1      | Reached XP level 1. HP: 14/14 MP: 2/2
    59 | D:1      | Reached XP level 2. HP: 19/19 MP: 3/3
   432 | D:1      | Reached XP level 3. HP: 23/23 MP: 4/4
   789 | D:2      | Found a white marble altar of Elyvilon.
   822 | D:2      | Noticed Jessica
   833 | D:2      | Reached ** piety under Trog
   843 | D:2      | Killed Jessica
   843 | D:2      | Reached XP level 4. HP: 6/28 MP: 5/5
  1259 | D:2      | Found a basalt altar of Yredelemnul.
  1290 | D:2      | Found a snail-covered altar of Cheibriados.
  1437 | D:2      | Found a blossoming altar of Fedhas.
  1437 | D:2      | Found an ancient bone altar of Kikubaaqudgha.
  1790 | D:3      | Gained mutation: You can fly continuously. [Tengu growth]
  1790 | D:3      | Reached XP level 5. HP: 29/32 MP: 6/6
  1960 | D:3      | Reached *** piety under Trog
  2524 | D:4      | Reached skill level 5 in Polearms
  2528 | D:4      | Reached XP level 6. HP: 38/38 MP: 7/7
  2530 | D:4      | Reached skill level 1 in Shields
  2800 | D:4      | Found a staircase to the Ecumenical Temple.
  2815 | D:4      | Reached skill level 4 in Fighting
  2824 | Temple   | Entered the Ecumenical Temple
  2833 | D:4      | Found a glowing golden altar of the Shining One.
  2875 | D:4      | Noticed a slave
  2875 | D:4      | Noticed a slave
  2878 | D:4      | Noticed a slave
  2885 | D:4      | Killed a slave
  2888 | D:4      | Killed a slave
  2891 | D:4      | Killed a slave
  2984 | D:4      | Noticed Pikel
  2985 | D:4      | Noticed a slave
  2995 | D:4      | Killed Pikel
  2995 | D:4      | Reached XP level 7. HP: 44/44 MP: 8/8
  3203 | D:4      | Found a shattered altar of Ashenzari.
  3281 | D:4      | Found a stormy altar of Qazlal.
  3282 | D:4      | Found an ornate altar of the Wu Jian Council.
  3284 | D:4      | Found a radiant altar of Vehumet.
  3285 | D:4      | Found a sacrificial altar of Ru.
  3325 | D:4      | Reached XP level 8. HP: 45/48 MP: 9/9
  3549 | D:5      | Entered Level 5 of the Dungeon
  3689 | D:5      | Reached **** piety under Trog
  4016 | D:5      | Reached skill level 5 in Fighting
  4016 | D:5      | Reached skill level 5 in Armour
  4016 | D:5      | Reached skill level 5 in Dodging
  4423 | D:6      | Reached XP level 9. HP: 50/54 MP: 10/10
  5785 | D:8      | Found a shadowy altar of Dithmenos.
  5822 | D:8      | Noticed a gargoyle
  6287 | D:8      | Reached ***** piety under Trog
  6299 | D:8      | Noticed Harold
  6313 | D:8      | Killed Harold
  6313 | D:8      | Reached skill level 6 in Fighting
  6313 | D:8      | Reached skill level 5 in Shields
  6313 | D:8      | Reached XP level 10. HP: 44/61 MP: 11/11
  6613 | D:8      | Found Dytio's Assorted Antiques.
  6641 | D:8      | Killed a gargoyle
  6641 | D:8      | Reached skill level 10 in Polearms
  7220 | D:8      | Noticed a two-headed ogre
  7228 | D:8      | Killed a two-headed ogre
  7547 | D:8      | Reached skill level 7 in Fighting
  7709 | D:8      | Received a gift from Trog
  7791 | D:8      | You are sucked into a shaft for 3 floors!
  7912 | D:11     | Noticed a manticore
  7921 | D:11     | Killed a manticore
  8206 | D:11     | Reached XP level 11. HP: 57/67 MP: 12/12
  8217 | D:10     | Entered Level 10 of the Dungeon
  8228 | D:9      | Found Peigix's Assorted Antiques.
  8704 | D:9      | Noticed a two-headed ogre
  8713 | D:9      | Killed a two-headed ogre
  8751 | D:9      | Found a flagged portal.
  8762 | Bailey   | Entered a bailey
  8768 | Bailey   | Noticed an orc warlord
  8788 | Bailey   | Received a gift from Trog
  8861 | Bailey   | Found a runed translucent gate.
  8861 | Bailey   | Found a runed translucent gate.
  8861 | Bailey   | Found a runed translucent gate.
  9109 | Bailey   | Killed an orc warlord
  9109 | Bailey   | Reached skill level 8 in Fighting
  9727 | D:10     | Found a staircase to the Lair.
 10070 | D:10     | Found a runed translucent gate.
 10070 | D:10     | Noticed Arthanis's ghost (journeyman GrBe)
 10071 | D:10     | Found a runed translucent gate.
 10071 | D:10     | Found a runed translucent gate.
 10071 | D:10     | Noticed a ten-headed hydra
 10362 | D:11     | Identified a scroll of acquirement
 10535 | D:11     | Found a sacrificial altar of Ru.
 10580 | D:11     | Found a roughly hewn altar of Beogh.
 10580 | D:11     | Found a staircase to the Orcish Mines.
 10587 | D:11     | Noticed an orc knight
 10876 | D:11     | Killed an orc knight
 10876 | D:11     | Reached XP level 12. HP: 42/75 MP: 13/13
 10879 | D:11     | Received a gift from Trog
 10907 | D:11     | Noticed Nergalle
 10912 | D:11     | Killed Nergalle
 11664 | Lair:1   | Entered Level 1 of the Lair of Beasts
 11829 | Lair:1   | Found a blossoming altar of Fedhas.
 11997 | Lair:1   | Noticed a seven-headed hydra
 12013 | Lair:1   | Killed a seven-headed hydra
 12905 | Lair:2   | Found a hole to the Spider Nest.
 12942 | Lair:2   | Reached skill level 9 in Fighting
 13374 | Lair:2   | Reached ****** piety under Trog
 13465 | Lair:2   | Reached skill level 10 in Dodging
 13553 | Lair:2   | Reached skill level 10 in Armour
 13555 | Lair:2   | Received a gift from Trog
 13555 | Lair:2   | Reached XP level 13. HP: 73/80 MP: 14/14
 13953 | Lair:3   | Noticed Urug
 13975 | Lair:3   | Killed Urug
 14628 | Lair:3   | Found a staircase to the Shoals.
 15471 | Lair:4   | Reached skill level 10 in Fighting
 16288 | Lair:5   | Reached XP level 14. HP: 81/88 MP: 15/15
 16326 | Lair:5   | Reached skill level 10 in Shields
 16382 | Lair:5   | Received a gift from Trog
 16726 | Lair:5   | Noticed Rupert
 16754 | Lair:5   | Killed Rupert
 16754 | Lair:5   | Reached skill level 11 in Fighting
 17608 | Lair:6   | Entered Level 6 of the Lair of Beasts
 18035 | Lair:6   | Noticed Nessos
 18056 | Lair:6   | Killed Nessos
 18188 | Lair:6   | Found a staircase to the Slime Pits.
 18292 | Lair:6   | Received a gift from Trog
 18602 | Lair:6   | Reached XP level 15. HP: 96/96 MP: 16/16
 19364 | D:12     | Reached skill level 12 in Fighting
 20022 | D:13     | Received a gift from Trog
 20055 | D:13     | Reached skill level 5 in Slings
 20055 | D:13     | Reached XP level 16. HP: 101/101 MP: 17/17
 20488 | D:13     | Found a portal to a secret trove of treasure.
 20503 | D:13     | You paid a toll of 8 scrolls of blinking to enter a
                  | treasure trove
 20504 | Trove    | Entered a treasure trove
 20512 | Trove    | Got a glittering pewter amulet
 20526 | Trove    | Got a flickering pewter amulet
 20530 | Trove    | Got a clouded steel ring
 20548 | Trove    | Got a pitted marble ring
 20555 | Trove    | Got a crude bone ring
 20568 | D:13     | Identified the ring of Moderation {Ice rPois rN+++ MR-}
                  | (You found it in a treasure trove)
 20571 | D:13     | Identified the ring "Cyxil" {rPois MR- Int+2 SInv} (You
                  | found it in a treasure trove)
 20574 | D:13     | Identified the ring "Saudul" {Ice MR+ Dex+4 Stlth-} (You
                  | found it in a treasure trove)
 20582 | D:13     | Identified the amulet "Nutsuu" {+Rage +Inv rElec Str-4
                  | Int-5} (You found it in a treasure trove)
 20589 | D:13     | Identified the amulet "Mihek" {Reflect rPois Int+6 Dex-5
                  | SH+3 Stlth+} (You found it in a treasure trove)
 21235 | D:14     | Found Huskar's Food Boutique.
 21340 | D:14     | Found a gate to the Vaults.
 21930 | D:15     | Entered Level 15 of the Dungeon
 22011 | D:15     | Reached skill level 13 in Fighting
 22537 | D:15     | Received a gift from Trog
 22649 | D:15     | Found a white marble altar of Elyvilon.
 22804 | D:15     | Found a staircase to the Depths.
 22950 | D:15     | Received a gift from Trog
 23131 | Orc:1    | Entered Level 1 of the Orcish Mines
 23392 | Orc:2    | Entered Level 2 of the Orcish Mines
 23398 | Orc:2    | Received a gift from Trog
 23465 | Orc:2    | Found a staircase to the Elven Halls.
 23592 | Orc:2    | Reached XP level 17. HP: 89/109 MP: 18/18
 23612 | Orc:2    | Received a gift from Trog
 23737 | Orc:1    | Received a gift from Trog
 24354 | Orc:2    | Reached skill level 14 in Fighting
 25080 | Orc:1    | Found Vauv's Assorted Antiques.
 25234 | Orc:1    | Found Ipressal's Assorted Antiques.
 25750 | Orc:2    | Found Qaydu's Gadget Emporium.
 25753 | Orc:2    | Found Zatep's Distillery.
 25754 | Orc:2    | Found Hon Zoud's Antique Armour Emporium.
 25755 | Orc:2    | Found Ynad's Armour Shoppe.
 25763 | Orc:2    | Bought the +6 plate armour "Irufiac" {-Cast Regen+ Int+4
                  | SInv} for 1049 gold pieces
 25763 | Orc:2    | Bought a +1 large shield of protection for 264 gold pieces
 25899 | Orc:1    | Bought a ring of evasion for 64 gold pieces
 26036 | Spider:1 | Entered Level 1 of the Spider Nest
 26212 | Spider:1 | Received a gift from Trog
 26376 | Spider:1 | Noticed Louise
 26376 | Spider:1 | Cast into level 2 of the Abyss (Louise)
 26770 | Abyss:2  | Received a gift from Trog
 26801 | Abyss:2  | Got a shimmering hunting sling {god gift}
 26806 | Abyss:2  | Identified the +8 hunting sling of Pride {freeze, rF+
                  | Dex+5} (Trog gifted it to you on level 2 of the Abyss)
 27005 | Abyss:2  | Noticed a tentacled starspawn
 27014 | Abyss:2  | Killed a tentacled starspawn
 27023 | Abyss:2  | Reached skill level 15 in Fighting
 27031 | Spider:1 | Escaped the Abyss
 27046 | Spider:1 | Killed Louise
 27254 | Spider:1 | Noticed Josephine
 27289 | Spider:1 | Killed Josephine
 27768 | Spider:1 | Reached XP level 18. HP: 117/119 MP: 19/19
 27899 | Spider:2 | Noticed Azrael
 27900 | Spider:2 | Received a gift from Trog
 27947 | Spider:2 | Killed Azrael
 28259 | Spider:2 | Received a gift from Trog
 28336 | Spider:2 | Noticed Arachne
 28368 | Spider:1 | Killed Arachne
 28671 | Spider:2 | Reached skill level 15 in Armour
 28960 | Spider:3 | Reached skill level 15 in Dodging
 29055 | Spider:2 | Upgraded the game from 0.24-a0-284-g9fb9971 to
                  | 0.24-a0-292-g5c6fb1c
 29057 | Spider:3 | Noticed Bai Suzhen
 29474 | Spider:2 | Received a gift from Trog
 29582 | Spider:2 | Reached skill level 16 in Fighting
 29787 | Spider:2 | Killed Bai Suzhen
 30372 | Spider:4 | Entered Level 4 of the Spider Nest
 30810 | Spider:4 | Received a gift from Trog
 31174 | Spider:4 | Noticed Nikola
 31349 | Spider:4 | Killed Nikola
 31813 | Spider:4 | Reached XP level 19. HP: 127/127 MP: 20/20
 32543 | Spider:4 | Reached skill level 17 in Fighting
 32902 | Spider:4 | Got a gossamer rune of Zot
 33075 | Shoals:1 | Entered Level 1 of the Shoals
 33204 | Shoals:1 | Identified Roxanne's Papyrus of Transmutation
 33204 | Shoals:1 | Noticed Roxanne
 33231 | Shoals:1 | Killed Roxanne
 33231 | Shoals:1 | Received a gift from Trog
 34234 | Shoals:2 | Identified the +6 war axe "Petwadin" {chop, +Inv rC+ rN+
                  | Str+4}
 34257 | Shoals:2 | Noticed Ilsuiw
 34528 | Shoals:2 | Killed Ilsuiw
 36084 | Shoals:3 | Received a gift from Trog
 36291 | Shoals:4 | Entered Level 4 of the Shoals
 36591 | Shoals:4 | Reached XP level 20. HP: 136/136 MP: 21/21
 36637 | Shoals:4 | Reached skill level 18 in Fighting
 36857 | Shoals:4 | Reached skill level 15 in Shields
 37069 | Shoals:4 | Got a heavily runed iron ring
 37070 | Shoals:4 | Identified the ring of Pydenueph {rF+++ rC+ MR- Dex+2 SInv}
                  | (You found it on level 4 of the Shoals)
 37131 | Shoals:4 | Received a gift from Trog
 37232 | Shoals:4 | Got a barnacled rune of Zot
 37298 | Shoals:4 | Identified the Volume of the Compass
 37982 | Vaults:1 | Entered Level 1 of the Vaults
 38645 | Vaults:1 | Received a gift from Trog
 38991 | Vaults:1 | Received a gift from Trog
 40022 | Vaults:2 | Reached skill level 19 in Fighting
 40247 | Vaults:2 | Paralysed by a sphinx for 5 turns
 40255 | Vaults:2 | Reached XP level 21. HP: 128/144 MP: 22/22
 40389 | Vaults:2 | Received a gift from Trog
 41003 | Vaults:2 | Paralysed by a great orb of eyes for 6 turns
 41012 | Vaults:2 | Paralysed by a great orb of eyes for 6 turns
 41176 | Vaults:2 | Found Qojedgh's Antique Armour Boutique.
 41596 | Vaults:2 | Received a gift from Trog
 42071 | Vaults:3 | Found a staircase to the Crypt.
 42071 | Vaults:3 | Found a basalt altar of Yredelemnul.
 42072 | Vaults:3 | Found an ancient bone altar of Kikubaaqudgha.
 42215 | Vaults:3 | Found an opulent altar of Gozag.
 42529 | Vaults:3 | Noticed Frederick
 42542 | Vaults:3 | Killed Frederick
 42661 | Vaults:3 | Received a gift from Trog
 42674 | Vaults:3 | Reached skill level 20 in Fighting
 43004 | Vaults:3 | You are sucked into a shaft!
 43106 | Vaults:4 | Received a gift from Trog
 43120 | Vaults:4 | Reached XP level 22. HP: 123/152 MP: 23/23
 43977 | Vaults:4 | Received a gift from Trog
 44995 | Vaults:4 | Found Ejegi's Jewellery Emporium.
 45698 | D:15     | Upgraded the game from 0.24-a0-292-g5c6fb1c to
                  | 0.24-a0-312-g16217b4
 45699 | Depths:1 | Entered Level 1 of the Depths
 45712 | D:15     | Killed from afar by an ice dragon

Levels and vault maps discovered:
D:1:      psy_arrival_fountain, layout_rooms
D:2:      layout_rooms, grunt_temple_overflow_growth_and_decay,
          lemuel_crystal_altar, kennysheep_ying_yang, uniq_jessica
D:3:      layout_rooms, first_ration, interstate_on_off
D:4:      layout_gridville, minitemple, minmay_temple_entry_trees,
          tso_metal_star, uniq_pikel
D:5:      layout_rooms, minmay_manual_moon
D:6:      layout_loops_ring
D:7:      layout_loops_ring
D:8:      layout_loops_ring, serial_shops, shop, hangedman_pestilent_swarm,
          nicolae_dithmenos_shadow_blocks, uniq_harold
D:9:      layout_long_grid, serial_shops, shop_fountains, enter_bailey_3
D:10:     layout_roguey, erik_lair_orcish_takeover, gammafunk_ghost_hydra_chop
D:11:     layout_basic, david_orc_5, nicolae_ru_path_of_blood, uniq_nergalle
D:12:     layout_layer_cave, kennysheep_small_square
D:13:     layout_rooms, nicolae_trove_entry_crystal, fountainhead
D:14:     layout_stronghold, skrybe_vaults_entry_preservation, serial_shops,
          shop, chequers_serial_rivers_room_b
D:15:     gammafunk_enter_depths_forms, layout_rooms,
          portal_ice_cave_entry_imps, elyvilon_altar_5
Temple:   hc_temple_tempest_star
Lair:1:   layout_roguey, basic_altar, grunt_megastairs_1
Lair:2:   kb_forest_paths, layout_long_grid, nicolae_spider_entry_non_spiders
Lair:3:   layout_layer_cave, minmay_shoals_entry_lonely_mermaid,
          nzn_random_ring, uniq_urug
Lair:4:   layout_loops_ring, guppyfry_lair_drakes
Lair:5:   layout_cave_pods, grunt_megastairs_2, serial_bayou_shore_b,
          uniq_rupert
Lair:6:   gammafunk_lair_ancient_temple, layout_long_grid, slime_dummy,
          serial_bayou_shore_a, uniq_nessos
Shoals:1: layout_shoals, uniq_roxanne
Shoals:2: layout_shoals, nicolae_shoals_circle_sea_wall,
          nicolae_shoals_aquamancer_cove, uniq_ilsuiw
Shoals:3: layout_shoals
Shoals:4: shoals_end_grunt_garden, layout_shoals
Spider:1: layout_spider_delve, uniq_louise, uniq_josephine
Spider:2: layout_spider_delve, drop_trap, uniq_arachne, uniq_azrael
Spider:3: layout_spider_delve, uniq_bai_suzhen
Spider:4: floodkiller_spider_rune_tomb, drop_trap, spiders_nest_the_unseen,
          uniq_nikola
Orc:1:    layout_diamond_mine, serial_shops, shop, shop
Orc:2:    st_orc_pillars, layout_caves
Vaults:1: hangedman_vaults_stitches, nicolae_vaults_angled_halls,
          hangedman_vaults_hat, ontoclasm_vaults_pinch,
          nicolae_vaults_triangles, nicolae_vaults_hallways_thing, v_misc_14,
          v_pattern_2, st_more_cells, grunt_vaults_hallway_long,
          dpeg_vaults_monster_row, nicolae_vaults_gold_heap,
          layout_vaults_omnicross
Vaults:2: st_lattice, ontoclasm_vaults_ring_large, v_alt_pattern_5,
          v_alt_pattern_6, v_misc_27, nicolae_vaults_little_squares_5, v_misc_2,
          v_rooms_2, vaults_room_stairs_pillars, layout_vaults_ring,
          portal_desolation_entry_nicolae_slug, serial_shops,
          nicolae_shop_window_shopping
Vaults:3: nicolae_vaults_network_periphery, ontoclasm_vaults_tryst,
          vaults_room_door_hall, vaults_mumra_hex, grunt_vaults_hallway_short,
          vaults_room_semicircle, ontoclasm_vaults_fault, grunt_vaults_funnel,
          minmay_crypt_entry_necro_gods, layout_vaults_omnigrid, basic_altar,
          uniq_frederick
Vaults:4: nicolae_vaults_shelves_hall, vaults_mumra_lcd, grunt_vaults_focal,
          v_rooms_3, nicolae_vaults_ring_of_whatevers,
          nicolae_vaults_twisting_passages, vaults_room_pool,
          nicolae_vaults_rhombus_5, nicolae_vaults_yaktaur_gun_rack,
          nicolae_vaults_little_squares_1, layout_vaults_chaotic_city,
          serial_shops, nicolae_shop_stone
Depths:1: layout_gridlike, enter_ziggurat_f, abyss_entry_small_statue_room,
          grunt_mini_vestibule, chequers_serial_rivers_small_b, st_stairs_4,
          hangedman_abyss_or_decor_passed, drop_trap,
          chequers_serial_rivers_micro_e, skrybe_limestone_x, kb_rosetta,
          infiniplex_staircase_pool_lava

Skill      XL: |  1  2  3  4  5  6  7  8  9 10 11 12 13 14 15 16 17 18 19 20 21 22 |
---------------+-------------------------------------------------------------------+-----
Polearms       | 4 5 6 7 9 10 12 13 14 | 14.0
Armour         | 3 4 5 6 7 9 10 11 12 13 14 15 16 17 18 | 18.2
Dodging        | 3 4 5 6 7 9 10 11 12 13 14 15 16 17 18 | 18.1
Shields        | 2 3 5 6 7 8 9 11 12 13 14 15 16 | 16.5
Fighting       | 4 5 6 7 8 9 10 11 12 13 15 16 17 19 20 | 20.4
Slings         | 5 6 7 |  7.4

Action                   |  1- 3 |  4- 6 |  7- 9 | 10-12 | 13-15 | 16-18 | 19-21 | 22-24 || total
-------------------------+-------+-------+-------+-------+-------+-------+-------+-------++-------
Melee: Spear             |    79 |   192 |   360 |   140 |       |       |       |       ||   771
       Kick              |    21 |    45 |   112 |   197 |   269 |   423 |   408 |    50 ||  1525
       Peck              |     3 |    26 |    54 |   119 |   177 |   290 |   246 |    31 ||   946
       Demon trident     |       |       |       |   616 |   687 |  1618 |  1516 |   145 ||  4582
 Fire: Hunting sling     |       |       |       |       |     3 |   261 |   431 |    98 ||   793
Invok: Berserk           |     1 |     3 |     2 |     1 |     4 |     4 |     2 |       ||    17
       Trog's Hand       |       |       |       |     2 |     8 |     7 |    17 |     3 ||    37
       Brothers in Arms  |       |       |       |       |       |     3 |     2 |       ||     5
 Abil: Fly               |       |     1 |       |       |     1 |       |     3 |       ||     5
       Stop Flying       |       |       |       |       |     1 |       |     3 |       ||     4
Evoke: Wand              |       |       |       |     1 |       |       |       |       ||     1
  Use: Scroll            |     4 |     2 |     9 |    13 |    13 |    11 |     9 |       ||    61
       Potion            |       |       |       |       |     2 |     3 |     4 |     1 ||    10
 Stab: Sleeping          |     1 |       |       |       |       |       |       |       ||     1
       Distracted        |       |       |       |       |     1 |     1 |       |       ||     2
       Held in net/web   |       |       |       |       |       |     1 |       |       ||     1
       Invisible         |       |       |       |       |       |       |     5 |       ||     5
  Eat: Chunk             |       |     9 |    12 |    23 |    24 |    33 |    33 |     7 ||   141
       Ration            |       |       |       |     1 |     1 |     3 |     3 |     1 ||     9
Armor: Animal skin       |     2 |       |       |       |       |       |       |       ||     2
       Chain mail        |    20 |    23 |       |       |       |       |       |       ||    43
       Plate armour      |       |    31 |    91 |   122 |   128 |   324 |   263 |    14 ||   973
Dodge: Dodged            |    26 |    27 |    36 |    92 |   155 |   519 |   454 |    46 ||  1355
Block: Large shield      |       |    63 |   152 |   334 |   368 |  1315 |  1359 |   137 ||  3728
       Reflection        |       |       |       |       |       |    43 |   155 |    22 ||   220

Table legend:
 A = Non-vault XP
 B = Vault XP
 C = Vault XP percentage of total XP
 D = Non-vault monster count
 E = Vault monster count
 F = Vault count percentage of total count
                 A         B        C        D         E       F
            +---------+---------+-------+---------+---------+-------
      Total |  357794 |  237249 |  39.9 |    1158 |     504 |  30.3
            +---------+---------+-------+---------+---------+-------
        D:1 |      52 |       0 |   0.0 |      26 |       0 |   0.0
        D:2 |      57 |      37 |  39.4 |      18 |       1 |   5.3
        D:3 |      92 |       0 |   0.0 |      28 |       0 |   0.0
        D:4 |     451 |     641 |  58.7 |      24 |       1 |   4.0
        D:5 |     472 |      48 |   9.2 |      16 |       1 |   5.9
        D:6 |     927 |       0 |   0.0 |      25 |       0 |   0.0
        D:7 |     811 |       0 |   0.0 |      20 |       0 |   0.0
        D:8 |    2686 |    1885 |  41.2 |      35 |       5 |  12.5
        D:9 |    4319 |       7 |   0.2 |      43 |       4 |   8.5
       D:10 |    1043 |     616 |  37.1 |      13 |       8 |  38.1
       D:11 |    3012 |    1752 |  36.8 |      25 |      24 |  49.0
       D:12 |    5297 |      48 |   0.9 |      22 |       2 |   8.3
       D:13 |    7263 |       0 |   0.0 |      45 |       0 |   0.0
       D:14 |   10194 |    2998 |  22.7 |      42 |       9 |  17.6
       D:15 |   13099 |    4323 |  24.8 |      45 |      22 |  32.8
     Lair:1 |    5329 |     433 |   7.5 |      18 |       1 |   5.3
     Lair:2 |    4914 |    3589 |  42.2 |      26 |      23 |  46.9
     Lair:3 |    2871 |    5546 |  65.9 |       7 |      13 |  65.0
     Lair:4 |    9333 |     662 |   6.6 |      21 |       4 |  16.0
     Lair:5 |   11425 |    4230 |  27.0 |      32 |       6 |  15.8
     Lair:6 |    8581 |   13256 |  60.7 |      30 |      30 |  50.0
   Shoals:1 |    3448 |    2117 |  38.0 |      11 |       1 |   8.3
   Shoals:2 |    8356 |    7924 |  48.7 |      17 |      10 |  37.0
   Shoals:3 |   17794 |       0 |   0.0 |      35 |       0 |   0.0
   Shoals:4 |   19740 |   24162 |  55.0 |      35 |      38 |  52.1
   Spider:1 |   16370 |    7029 |  30.0 |      38 |       9 |  19.1
   Spider:2 |   24289 |    5919 |  19.6 |      64 |       7 |   9.9
   Spider:3 |   14987 |       0 |   0.0 |      41 |       0 |   0.0
   Spider:4 |   14722 |   44736 |  75.2 |      33 |      72 |  68.6
      Orc:1 |    6868 |       0 |   0.0 |      57 |       0 |   0.0
      Orc:2 |   10554 |   11603 |  52.4 |      46 |      62 |  57.4
   Vaults:1 |   13505 |   25272 |  65.2 |      32 |      40 |  55.6
   Vaults:2 |   35280 |   33344 |  48.6 |      62 |      43 |  41.0
   Vaults:3 |   34511 |   22390 |  39.3 |      49 |      27 |  35.5
   Vaults:4 |   29522 |   10453 |  26.1 |      38 |      14 |  26.9
    Abyss:2 |   15620 |       0 |   0.0 |      39 |       0 |   0.0
     Bailey |       0 |    2229 | 100.0 |       0 |      27 | 100.0
            +---------+---------+-------+---------+---------+-------
